 Dungeon Crawl Stone Soup version 0.23-a0-378-gd7a6ca6 (webtiles) character file.

65 MisterFreud the Sneak (level 4, -2/36 HPs)
             Began as a Naga Fire Elementalist on Oct 27, 2018.
             Slain by Sigmund
             ... wielding a +0 scythe
              (7 damage)
             ... on level 2 of the Dungeon.
             The game lasted 00:04:47 (1596 turns).

MisterFreud the Sneak (Naga Fire Elementalist)      Turns: 1596, Time: 00:04:48

Health: -2/36      AC:  3    Str: 10    XL:     4   Next: 14%
Magic:  2/7        EV: 10    Int: 17    God:
Gold:   72         SH:  0    Dex: 11    Spells: 3/7 levels left

rFire    . . .     SeeInvis +   l - +0 whip
rCold    . . .     Gourm    .   (no shield)
rNeg     . . .     Faith    .   a - +0 robe
rPois    +         Spirit   .   (no helmet)
rElec    .         Reflect  .   (no cloak)
rCorr    .         Harm     .   e - +0 pair of gloves
MR       .....                  (no barding)
Stlth    +++.......             k - amulet of rage
HPRegen  0.12/turn              (no ring)
MPRegen  0.10/turn              (no ring)

@: hasted, quick
A: large, see invisible, deformed body, poison resistance, slowness 2, slow
metabolism 1, spit poison 1, AC +1
a: Spit Poison, Evoke Berserk Rage


You were on level 2 of the Dungeon.
You were not hungry.

You visited 1 branch of the dungeon, and saw 2 of its levels.

You collected 72 gold pieces.

Inventory:

Hand Weapons
 d - a +0 short sword
 l - a +0 whip (weapon)
Armour
 a - a +0 robe (worn)
 e - a +0 pair of gloves (worn)
Jewellery
 k - an amulet of rage (around neck)
Scrolls
 b - a scroll of teleportation {unknown}
 g - a scroll of fear {unknown}
 h - a scroll of fog {unknown}
Potions
 i - a potion of haste
 n - a potion of heal wounds
Comestibles
 c - 2 rations
 m - 4 chunks of flesh


   Skills:
 - Level 1.5 Dodging
 + Level 4.8 Stealth
 - Level 2.0 Spellcasting
 - Level 3.0 Conjurations
 - Level 3.0 Fire Magic


You had 3 spell levels left.
You knew the following spells:

 Your Spells              Type           Power        Failure   Level  Hunger
a - Flame Tongue          Conj/Fire      ##...        5%          1    #......
b - Conjure Flame         Conj/Fire      ##......     17%         3    ###....

Your spell library contained the following spells:

 Spells                   Type           Power        Failure   Level  Hunger
 Throw Flame              Conj/Fire      ##....       9%          2    ###....
 Inner Flame              Hex/Fire       #.......     30%         3    ###....
 Sticky Flame             Conj/Fire      ##......     50%         4    #####..
 Fireball                 Conj/Fire      ##........   83%         5    ######.


Dungeon Overview and Level Annotations

Branches:
Dungeon (2/15)

Altars:
Nemelex Xobeh

Annotations:
D:2 Sigmund


Innate Abilities, Weirdness & Mutations

You cannot wear boots.
Your serpentine skin is tough. (AC +1)
You have supernaturally acute eyesight. (SInv)
Armour fits poorly on your strangely shaped body.
Your system is resistant to poisons. (rPois)
You cover ground very slowly.
You have a slow metabolism.
You can spit poison.


Message History

You hit Sigmund.
Sigmund is almost dead.
Sigmund misses you.
You completely miss Sigmund.
Sigmund is almost dead.
You closely miss Sigmund.
Sigmund is almost dead.
Sigmund barely misses you.
You closely miss Sigmund.
Sigmund is almost dead.
You hit Sigmund.
Sigmund is almost dead.
Sigmund hits you with a +0 scythe!
* * * LOW HITPOINT WARNING * * *
You hit Sigmund but do no damage.
Sigmund is almost dead.
You hit Sigmund but do no damage.
Sigmund is almost dead.
Sigmund hits you with a +0 scythe!
You die...

#.# #....##
#.... #.#
#.#<## #.###
#.#### #.#.#
#.###
#....####.#.#
#...#
####.##...#.#
###.#
#.##.###.#
#.#
#.#......#
#.#
#.#...####
#.# #@##..#
#.# #@##..#
#.# #S#...#
#.# #....?.#
#[# .......#
### ....$...#
.[?........
.........###
#.........#


You could see Sigmund (invisible) and an adder.

Vanquished Creatures
  Jessica (D:2)
  An ooze (D:2)
  2 worms (D:2)
  2 dart slugs (D:1)
  A leopard gecko (D:2)
  7 bats
  2 giant cockroaches (D:1)
  A goblin (D:2)
  3 hobgoblins (D:1)
  A jackal (D:2)
  3 kobolds
  A frilled lizard (D:2)
  2 rats
27 creatures vanquished.

Notes
Turn   | Place    | Note
-------+----------+-------------------------------------------
     0 | D:1      | MisterFreud the Naga Fire Elementalist began the quest for
                  | the Orb.
     0 | D:1      | Reached XP level 1. HP: 15/15 MP: 3/3
   293 | D:1      | Reached XP level 2. HP: 19/22 MP: 5/5
   902 | D:1      | Found a sparkling altar of Nemelex Xobeh.
  1328 | D:2      | Reached XP level 3. HP: 23/28 MP: 1/6
  1334 | D:2      | Learned a level 3 spell: Conjure Flame
  1421 | D:2      | Noticed Jessica
  1427 | D:2      | Killed Jessica
  1427 | D:2      | Reached skill level 4 in Stealth
  1427 | D:2      | Reached XP level 4. HP: 35/36 MP: 4/7
  1511 | D:2      | Noticed Sigmund
  1596 | D:2      | Slain by Sigmund

Vault maps used:
D:1:      lemuel_arrival_muddy, serial_co_window_serial, co_window_cross_1,
          co_window_paths_a, co_window_corner_a, co_window_cross_1,
          co_window_corner_a, co_window_corner_b, co_window_cross_3,
          co_window_unsneaky_path_c, co_window_2corner, co_window_4corner_a,
          glass_columns_b, glass_columns_b, glass_columns_a, glass_columns_b,
          glass_columns_b, nemelex_diamond_rough_becter
D:2:      old_standard_altar, kennysheep_path_1, uniq_sigmund, uniq_jessica

Skill      XL: |  1  2  3 |
---------------+----------+-----
Conjurations   | 2 3 |  3.0
Stealth        | 4 |  4.8
Dodging        | |  1.5
Spellcasting   | |  2.0
Fire Magic     | |  3.0

Action                   |  1- 3 |  4- 6 || total
-------------------------+-------+-------++-------
Melee: Short sword       |    16 |       ||    16
       Whip              |     4 |    31 ||    35
 Cast: Flame Tongue      |    18 |     7 ||    25
       Conjure Flame     |       |     1 ||     1
 Abil: Spit Poison       |    16 |     5 ||    21
  Use: Scroll            |     1 |     1 ||     2
       Potion            |       |     3 ||     3
 Stab: Sleeping          |     3 |     2 ||     5
  Eat: Chunk             |     2 |     1 ||     3
Armor: Robe              |     6 |     5 ||    11
Dodge: Dodged            |    19 |     9 ||    28

Table legend:
 A = Non-vault XP
 B = Vault XP
 C = Vault XP percentage of total XP
 D = Non-vault monster count
 E = Vault monster count
 F = Vault count percentage of total count
                 A         B        C        D         E       F
            +---------+---------+-------+---------+---------+-------
      Total |      57 |      37 |  39.4 |      26 |       1 |   3.7
            +---------+---------+-------+---------+---------+-------
        D:1 |      25 |       0 |   0.0 |      12 |       0 |   0.0
        D:2 |      32 |      37 |  53.6 |      14 |       1 |   6.7
            +---------+---------+-------+---------+---------+-------
